 Dungeon Crawl Stone Soup version 0.25.1-2-g60ff931df9 (webtiles) character file.

Game seed: 11454477685059050899

138 Chimkentus the Sneak (level 5, 0/36 HPs)
             Began as an Octopode Assassin on Aug 28, 2020.
             Killed from afar by Sigmund (5 damage)
             ... with a puff of flame
             ... on level 3 of the Dungeon.
             The game lasted 00:13:49 (2832 turns).

Chimkentus the Sneak (Octopode Assassin)            Turns: 2832, Time: 00:13:50

Health: 0/36       AC:  1    Str: 11    XL:     5   Next: 21%
Magic:  5/5        EV: 14    Int: 13    God:
Gold:   137        SH:  0    Dex: 14    Spells: 4/4 levels left

rFire    . . .     SeeInvis .   a - +2 dagger
rCold    . . .     Gourm    .   (no shield)
rNeg     . . .     Faith    .   (helmet restricted)
rPois    .         Spirit   .   (no amulet)
rElec    .         Reflect  .   (no ring)
rCorr    .         Harm     .   (no ring)
MR       .....                  (no ring)
Stlth    ++++......             (no ring)
HPRegen  0.12/turn              (no ring)
MPRegen  0.09/turn              (no ring)
                                (no ring)
                                (no ring)

@: no status effects
A: almost no armour, stealthy swim, amphibious, 8 rings, constrict 8, camouflage
1, gelatinous body 1
a: no special abilities


You were on level 3 of the Dungeon.
You were not hungry.

You visited 1 branch of the dungeon, and saw 3 of its levels.

You collected 137 gold pieces.

Inventory:

Hand Weapons
 a - a +2 dagger (weapon)
 g - a +0 hunting sling
 q - a +2 hunting sling of flaming
Missiles
 k - 47 stones (quivered)
 m - 58 arrows
 n - 29 bolts
 o - 6 boomerangs of dispersal
Wands
 u - a wand of paralysis (12)
Scrolls
 e - 3 scrolls of teleportation {unknown}
 h - a scroll of amnesia {unknown}
 i - 2 scrolls of enchant armour {unknown}
 l - 3 scrolls of identify {unknown}
 p - a scroll of fog {unknown}
Potions
 f - 2 potions of flight {unknown}
 j - 3 potions of haste {unknown}
 r - a potion of degeneration {unknown}
 s - 2 potions of heal wounds {unknown}
 t - a potion of resistance {unknown}
Comestibles
 b - 10 chunks of flesh
 d - 7 rations


   Skills:
 * Level 2.9 Fighting
 + Level 3.0 Short Blades
 + Level 0.1(2.0) Slings
 + Level 3.3 Throwing
 * Level 2.3 Dodging
 - Level 5.3 Stealth


You had 4 spell levels left.
You didn't know any spells.
Your spell library was empty.

Dungeon Overview and Level Annotations

Branches:
Dungeon (3/15)

Altars:

Annotations:
D:2 Robin
D:3 Sigmund


Innate Abilities, Weirdness & Mutations

You cannot wear most types of armour.
You are very stealthy in the water. (Stealth+)
You are amphibious.
You can wear up to eight rings at the same time.
You can use your tentacles to constrict eight enemies at once.
Your skin changes colour to match your surroundings (Stealth+).
Your rubbery body absorbs attacks. (AC +1, EV +1)


Message History

You throw a poisoned dart.
Throwing (i - inventory. (/) - cycle)
v - a poisoned dart (quivered)
Press: ? - help, Shift-Dir - straight line You throw a poisoned dart.
Something hits you.
You hit something. You hit something but do no damage.
Your squeeze misses something. Something hits you!
You hit something but do no damage. You hit something but do no damage.
You hit something. Your squeeze misses something.
You hear some strange, mumbled words.
A magic dart appears from out of thin air!
The magic dart hits you!
* * * LOW HITPOINT WARNING * * *
You hit something. You squeeze something.
You hear some strange, mumbled words.
A puff of flame appears from out of thin air!
The puff of flame hits you.
You die...

....# #. #.#
....### #w #.#
.... ..#. #.# ###
>## .#. #.###(#
..#.. .{ #.#...#
.....####. #.#.#(#
#.#..#....##.#.#.#
#.#....†#.#{#
........{...#@#
#.#.........#.#
###.#####.#.#
#.......#.#
###########.#
#...# #.#
######.#.# #.#
.........#######.#
.#####)#......##.#


There were no monsters in sight!

Vanquished Creatures
  Terence (D:2)
  A gnoll (D:1)
  2 adders (D:2)
  2 worms
  2 dart slugs
  2 leopard geckos
  6 orcs (D:3)
  A ball python (D:1)
  A giant cockroach (D:2)
  7 hobgoblins
  7 jackals
  A quokka (D:2)
  10 bats
  6 frilled lizards
  4 goblins
  10 kobolds
  6 rats
69 creatures vanquished.

Notes
Turn   | Place    | Note
-------+----------+-------------------------------------------
     0 | D:1      | Chimkentus the Octopode Assassin began the quest for the
                  | Orb.
     0 | D:1      | Reached XP level 1. HP: 14/14 MP: 1/1
   119 | D:1      | Reached XP level 2. HP: 18/19 MP: 2/2
   466 | D:1      | Reached XP level 3. HP: 25/25 MP: 3/3
  1314 | D:2      | Noticed Terence
  1317 | D:2      | Killed Terence
  1317 | D:2      | Reached XP level 4. HP: 30/30 MP: 4/4
  1592 | D:2      | Noticed Robin
  2330 | D:3      | Reached XP level 5. HP: 34/36 MP: 5/5
  2809 | D:3      | Noticed Sigmund
  2832 | D:3      | Killed from afar by Sigmund

Illustrated notes

Levels and vault maps discovered:
D:1:      saegor_arrival_under_anarchy, layout_basic, minmay_misc_feat_tiny,
          roderic_st_hans_cross
D:2:      layout_loops_ring, uniq_terence, uniq_robin
D:3:      layout_basic, first_ration, uniq_sigmund

Skill      XL: |  1  2  3  4 |
---------------+-------------+-----
Dodging        | 2 |  2.3
Throwing       | 3 |  3.3
Short Blades   | 3 |  3.0
Fighting       | |  2.9
Slings         | |  0.1
Stealth        | |  5.3

Action                   |  1- 3 |  4- 6 || total
-------------------------+-------+-------++-------
Melee: Dagger            |    60 |    47 ||   107
       Constrict         |    11 |    11 ||    22
       Tentacles         |     5 |     9 ||    14
 Fire: Hunting sling     |       |    14 ||    14
Throw: Dart              |    35 |    18 ||    53
 Stab: Sleeping          |    17 |     8 ||    25
  Eat: Chunk             |     1 |     5 ||     6
Armor: Skin              |     2 |     2 ||     4
Dodge: Dodged            |    29 |    19 ||    48
